 Dungeon Crawl Stone Soup version 0.14-a0-155-gd989017 (webtiles) character file.

2668 PolkaDot the Grappler (level 9, -9/74 HPs)
             Began as a Troll Death Knight on Oct 5, 2013.
             Was an Elder of Yredelemnul.
             Killed by an exploding giant spore (31 damage)
             ... on Level 8 of the Dungeon.
             The game lasted 00:20:47 (4934 turns).

PolkaDot the Grappler (Troll Death Knight)          Turns: 4934, Time: 00:20:49

HP  -9/74        AC  8     Str 23      XL: 9   Next: 17%
MP  13/15        EV 12     Int  8      God: Yredelemnul [****..]
Gold 382         SH  0     Dex 10 (11) Spells:  0 memorised,  8 levels left

Res.Fire  : . . .   See Invis. : .     - Unarmed
Res.Cold  : + . .   Warding    : .   b - +0 robe
Life Prot.: . . .   Conserve   : +   (shield restricted)
Res.Poison: .       Res.Corr.  : +   (helmet restricted)
Res.Elec. : .       Clarity    : .   B - +2 cloak {rCorr, Cons}
Sust.Abil.: . .     Spirit.Shd : .   (gloves unavailable)
Res.Mut.  : .       Stasis     : .   (boots unavailable)
Res.Rott. : .       Flight     : .   (no amulet)
Gourmand  : +                        x - ring of protection from cold
                                     o - +3 ring of evasion

@: confused, slightly resistant to hostile enchantments, very unstealthy
A: unfitting armour, antennae 1, claws 3, deterioration 1, fast metabolism 3,
-10% hp, gourmand, regeneration 2, saprovore 2, tough skin 2, AC +1
a: Animate Dead, Recall Undead Slaves, Injury Mirror, Drain Life, Renounce
Religion


You were on level 8 of the Dungeon.
You worshipped Yredelemnul.
Yredelemnul was greatly pleased with you.
You were very full.

You visited 1 branch of the dungeon, and saw 8 of its levels.

You collected 362 gold pieces.

Inventory:

Armour
 b - a +0 robe (worn)
 B - a +2 cloak of preservation (worn)
Magical devices
 e - a wand of enslavement (9) {unknown}
 s - a wand of polymorph (18)
 t - a wand of fireball (5)
 z - a wand of fire (7)
 A - a wand of teleportation (2)
 G - a wand of confusion (11) {unknown}
Comestibles
 a - 5 meat rations
 g - 6 bread rations
 j - an apple
 C - an orange
 E - 2 chunks of hobgoblin flesh
 H - 2 honeycombs
Scrolls
 c - 3 scrolls of remove curse
 d - 2 scrolls of teleportation
 f - 4 scrolls of identify
 i - a scroll of recharging {unknown}
 m - a scroll of curse weapon {unknown}
 n - 2 scrolls of enchant armour {unknown}
 p - a scroll of blinking
 r - a scroll of fear {unknown}
 v - a scroll of fog {unknown}
 w - 2 scrolls of enchant weapon II {unknown}
 y - 2 scrolls of magic mapping
Jewellery
 o - a +3 ring of evasion (left claw)
 u - an uncursed ring of regeneration
 x - a ring of protection from cold (right claw)
Potions
 h - 2 potions of heal wounds
 k - 2 potions of curing
 l - 2 potions of agility
 q - a potion of might
 D - 2 potions of berserk rage {unknown}


   Skills:
 + Level 4.2 Fighting
 - Level 1.2 Dodging
 + Level 8.9 Unarmed Combat
 * Level 7.1 Invocations


You had 8 spell levels left.
You didn't know any spells.

Dungeon Overview and Level Annotations

Branches:
Dungeon (8/27)             Temple (0/1) D:4             Orc (0/4) D:7
   Lair: D:8-13

Altars:
Fedhas
Nemelex Xobeh
Trog
Yredelemnul
Beogh

Shops:
D:6 }


Innate Abilities, Weirdness & Mutations

You are too large for most types of armour.
You have claws for hands.
Your metabolism is lightning-fast.
You like to eat raw meat.
You heal very quickly.
You can eat rotten meat.
You are covered in fur (AC +1).
You have very tough skin (AC +2).
You have a pair of small antennae on your head.
Your body is slowly deteriorating.
You are frail (-10% HP).


Message History

You call on the dead to rise...
The dead are walking!
You feel somewhat less full.
You swap places.
The wyvern bites you! The wyvern bites you!
Things that are here:
an uncursed bow; 17 arrows You hit the wyvern.
The wyvern begins to bleed from its wounds!
The wyvern is lightly wounded.
The wyvern bites you.
* * * LOW HITPOINT WARNING * * *
You are too injured to fight recklessly!
You are too injured to fight recklessly!
You claw the wyvern!
The wyvern is heavily wounded.
The wyvern barely misses you.
The giant spore explodes!
The explosion of spores engulfs you!
You are confused.
You die...
Your body rises from the dead as a mindless zombie.

###....... ###
##.##...... ##.##
...###.... ## #...
#.###.....
##.###.######.#.......
#...#....##...........
##.z#(.?......#.......
#..)ZM.#..............
#....#@##....#.........
.........D...............
.>.......................
.........................
........................
.......................
......................
..................... ...
..............


You could see a wyvern (bleeding), a friendly mummy, a friendly goliath beetle
zombie and a friendly centaur zombie.

Vanquished Creatures
  Grinder (D:3)
  A necrophage (D:7)
  2 sky beasts
  A black bear (D:7)
  A centaur (D:8)
  4 ogres
  3 orc warriors (D:7)
  A manticore skeleton (D:8)
  A goliath beetle (D:8)
  2 hounds
  2 crimson imps
  4 orc priests
  Crazy Yiuf (D:3)
  3 orc wizards
  A black bear skeleton (D:5)
  A giant frog skeleton (D:6)
  An iguana (D:4)
  A gnoll shaman (D:4)
  3 worker ants
  An ogre zombie (D:7)
  Ijyb (D:4)
  2 ogre skeletons
  The ghost of patman the Chiller, a weakling DrIE (D:3)
  A hound zombie (D:5)
  3 gnolls
  9 adders
  A worm zombie (D:2)
  3 giant mites (D:5)
  An inept feature mimic (D:6)
  A worm (D:5)
  24 orcs
  8 bats
  A bat skeleton (D:2)
  A bat zombie (D:2)
  7 giant cockroaches
  13 hobgoblins
  9 jackals
  3 quokkas
  A ball python (D:6)
  A giant gecko skeleton (D:5)
  A giant newt (D:5)
  A giant spore (D:8)
  14 goblins
  2 hobgoblin skeletons
  10 kobolds
  2 kobold zombies
  2 quokka skeletons
  7 rats
  A ballistomycete (D:8)
166 creatures vanquished.

Vanquished Creatures (collateral kills)
  An ogre zombie (D:2)
  A worm (D:3)
  4 orcs (D:3)
  A ball python (D:3)
  A bat zombie (D:7)
  A kobold (D:3)
  A quokka (D:3)
  A bat (D:3)
  A kobold skeleton (D:2)
  A butterfly (D:4)
13 creatures vanquished.

Vanquished Creatures (others)
  A jackal skeleton (D:2)
  A kobold zombie (D:2)
  An orc zombie (D:3)
3 creatures vanquished.

Grand Total: 182 creatures vanquished

Notes
Turn   | Place    | Note
--------------------------------------------------------------
     0 | D:1      | PolkaDot, the Troll Death Knight, began the quest for the Orb.
     0 | D:1      | Reached XP level 1. HP: 20/20 MP: 2/2
   333 | D:1      | Reached XP level 2. HP: 26/28 MP: 2/2
   603 | D:2      | Reached skill level 3 in Unarmed Combat
   752 | D:2      | Reached XP level 3. HP: 20/35 MP: 4/4
   965 | D:2      | Paralysed by a potion of paralysis for 3 turns
   968 | D:2      | Reached skill level 4 in Unarmed Combat
   983 | D:2      | Reached XP level 4. HP: 19/42 MP: 4/4
  1296 | D:3      | Acquired Yredelemnul's second power
  1298 | D:3      | Reached skill level 5 in Unarmed Combat
  1299 | D:3      | Reached XP level 5. HP: 28/49 MP: 5/5
  1357 | D:3      | Noticed Grinder
  1371 | D:3      | Paralysed by Grinder for 3 turns
  1385 | D:3      | Killed Grinder
  1385 | D:3      | Reached skill level 6 in Unarmed Combat
  1385 | D:3      | Reached XP level 6. HP: 50/58 MP: 6/6
  1409 | D:3      | Noticed patman's ghost (weakling DrIE)
  1416 | D:3      | Killed patman's ghost
  1603 | D:3      | Reached skill level 7 in Unarmed Combat
  1921 | D:3      | Noticed Crazy Yiuf
  1925 | D:3      | Killed Crazy Yiuf
  1936 | D:3      | Identified a +2 cloak of preservation (You took it off Crazy Yiuf on level 3 of the Dungeon)
  2016 | D:4      | Noticed Ijyb
  2021 | D:4      | Gained mutation: You are somewhat resistant to further mutation. [potion of mutation]
  2021 | D:4      | Gained mutation: You are frail (-10% HP). [potion of mutation]
  2022 | D:4      | Gained mutation: Your digestive system is specialised to digest meat. [potion of mutation]
  2036 | D:4      | Killed Ijyb
  2036 | D:4      | Reached XP level 7. HP: 54/58 MP: 7/7
  2041 | D:4      | Acquired Yredelemnul's third power
  2085 | D:4      | Lost mutation: You are frail (-10% HP). [potion of cure mutation]
  2085 | D:4      | Lost mutation: Your digestive system is specialised to digest meat. [potion of cure mutation]
  2085 | D:4      | Lost mutation: You are somewhat resistant to further mutation. [potion of cure mutation]
  2281 | D:4      | Found a sparkling altar of Nemelex Xobeh.
  2444 | D:4      | Found a staircase to the Ecumenical Temple.
  2503 | D:5      | Entered Level 5 of the Dungeon
  3101 | D:5      | Received a gift from Yredelemnul
  3107 | D:5      | Reached XP level 8. HP: 30/74 MP: 10/10
  3349 | D:6      | Reached skill level 8 in Unarmed Combat
  3349 | D:6      | Reached skill level 5 in Invocations
  3355 | D:6      | Gained mutation: You are frail (-10% HP). [potion of mutation]
  3355 | D:6      | Gained mutation: You have a pair of small antennae on your head. [potion of mutation]
  3355 | D:6      | Gained mutation: Your body is slowly deteriorating. [potion of mutation]
  3358 | D:6      | Found Wopitioj's Gadget Emporium.
  3515 | D:6      | Found a staircase to the Ecumenical Temple.
  3517 | D:6      | the staircase to the Ecumenical Temple was a mimic.
  3561 | D:6      | Found a basalt altar of Yredelemnul.
  3628 | D:6      | Found a blossoming altar of Fedhas.
  4173 | D:7      | Found a staircase to the Orcish Mines.
  4259 | D:7      | Found a roughly hewn altar of Beogh.
  4266 | D:7      | Acquired Yredelemnul's fourth power
  4479 | D:7      | Found a bloodstained altar of Trog.
  4603 | D:7      | Reached XP level 9. HP: 59/74 MP: 15/15
  4862 | D:8      | Received a gift from Yredelemnul
  4934 | D:8      | Killed by an exploding giant spore

Action                   |  1- 3 |  4- 6 |  7- 9 || total
-------------------------+-------+-------+-------++-------
Melee: Unarmed           |    93 |   112 |   335 ||   540
Invok: Animate Remains   |     2 |     9 |       ||    11
       Animate Dead      |       |       |    10 ||    10
Evoke: Wand              |       |       |     4 ||     4
  Use: Potion            |     1 |     6 |     6 ||    13
       Scroll            |       |     1 |     9 ||    10
 Stab: Distracted        |       |     1 |       ||     1
       Sleeping          |       |     1 |       ||     1
